 Dungeon Crawl Stone Soup version 0.25.1-2-g60ff931df9 (webtiles) character file.

Game seed: 16745302703777114024

72 Johnny the Chiller (level 3, -1/26 HPs)
             Began as a Demigod Ice Elementalist on Aug 24, 2020.
             Killed by divine providence
             ... invoked by an orc priest
              (10 damage)
             ... on level 3 of the Dungeon.
             The game lasted 00:01:55 (2086 turns).

Johnny the Chiller (Demigod Ice Elementalist)       Turns: 2086, Time: 00:01:56

Health: -1/26      AC:  2    Str: 11    XL:     3   Next: 82%
Magic:  7/9        EV: 12    Int: 21    God:
Gold:   57         SH:  0    Dex: 16    Spells: 6/7 levels left

rFire    . . .     SeeInvis .   (no weapon)
rCold    . . .     Gourm    .   (no shield)
rNeg     . . .     Faith    .   a - +0 robe
rPois    .         Spirit   .   (no helmet)
rElec    .         Reflect  .   (no cloak)
rCorr    .         Harm     .   (no gloves)
MR       .....                  (no boots)
Stlth    ++........             (no amulet)
HPRegen  0.08/turn              (no ring)
MPRegen  0.11/turn              (no ring)

@: stab
A: high mp 1
a: no special abilities


You were on level 3 of the Dungeon.
You were not hungry.

You visited 1 branch of the dungeon, and saw 3 of its levels.

You collected 57 gold pieces.

Inventory:

Armour
 a - a +0 robe (worn)
Scrolls
 d - a scroll of identify {unknown}
 h - a scroll of teleportation {unknown}
Potions
 b - a potion of stabbing
 f - a potion of degeneration {unknown}
 i - a potion of resistance {unknown}
Comestibles
 c - a ration


   Skills:
 - Level 1.7 Dodging
 - Level 1.7 Stealth
 + Level 2.5 Spellcasting
 * Level 4.7 Ice Magic


You had 6 spell levels left.
You knew the following spells:

 Your Spells              Type           Power        Failure   Level  Hunger
a - Freeze                Ice            ###.         1%          1    None

Your spell library contained the following spells:

 Spells                   Type           Power        Failure   Level  Hunger
 Frozen Ramparts          Ice            ###...       6%          3    ###....
 Ozocubu's Armour         Chrm/Ice       ##......     16%         3    ###....
 Hailstorm                Conj/Ice       ##......     47%         4    ####...
 Summon Ice Beast         Ice/Summ       ##......     47%         4    ####...


Dungeon Overview and Level Annotations

Branches:
Dungeon (2/15)


Innate Abilities, Weirdness & Mutations

You have an increased reservoir of magic. (+10% MP)


Message History

The orc barely misses you.
Found a faded altar of an unknown god.
The hobgoblin completely misses you. The bullfrog hits you.
The hobgoblin closely misses you.
The orc shouts!
The bullfrog barely misses you. The bat hits you but does no damage.
The bullfrog hits you. The bat hits you but does no damage.
The bullfrog closely misses you. The bat barely misses you.
Found a ring mail.
A goblin comes into view.
The bat misses you. The bat hits you.
The goblin shouts!
The bat closely misses you.
A rat comes into view.
The bat closely misses you.
The orc priest calls down the wrath of Beogh upon you.
Beogh smites you!
You die...

#........b..
#................# ....
#................###....
#.......................
..................g.....
......###........[......
........................
........................
..........%....b@.......
................#.......
.#........##...F#.......
.#........##.o..#......)
###......##............
#......gg##...##.....
#.....o.o......#.....
####.#....o.......#...r.
.....#....o.......#


You could see a bullfrog, an orc priest, an orc wizard, 2 orcs, 2 hobgoblins, a
goblin, a bat and a rat (asleep).

Vanquished Creatures
  A hound (D:2)
  A dart slug (D:1)
  2 leopard geckos
  2 bats
  2 giant cockroaches (D:2)
  5 goblins
  6 hobgoblins
  5 jackals
  2 frilled lizards
  6 kobolds
  2 rats (D:1)
34 creatures vanquished.

Notes
Turn   | Place    | Note
-------+----------+-------------------------------------------
     0 | D:1      | Johnny the Demigod Ice Elementalist began the quest for the
                  | Orb.
     0 | D:1      | Reached XP level 1. HP: 14/14 MP: 5/5
   559 | D:1      | Reached XP level 2. HP: 6/20 MP: 4/7
   560 | D:1      | Reached skill level 4 in Ice Magic
  1637 | D:2      | Reached XP level 3. HP: 18/26 MP: 7/9
  1916 | D:2      | Found a white marble altar of Elyvilon.
  1936 | D:2      | You fall into a shaft and drop 1 floor!
  1937 | D:3      | Noticed a bullfrog
  2067 | D:3      | Found a faded altar of an unknown god.
  2086 | D:3      | Killed from afar by an orc priest

Illustrated notes

Levels and vault maps discovered:
D:1:      lightli_arrival_farm, layout_rooms
D:2:      layout_rooms, hangedman_ru_absence, eat_drink_and_be_merry_uskayaw,
          elyvilon_altar_5, tgw_xom
D:3:      layout_basic, chequers_ecumenical_altar_simple, st_stairs_6

Skill      XL: |  1  2 |
---------------+-------+-----
Spellcasting   | 2 |  2.5
Ice Magic      | 4 |  4.7
Dodging        | |  1.7
Stealth        | |  1.7

Action                   || total
-------------------------++-------
Melee: Unarmed           ||    53
 Cast: Freeze            ||    51
  Use: Potion            ||     2
 Stab: Sleeping          ||     2
  Eat: Chunk             ||     4
Armor: Robe              ||    21
Dodge: Dodged            ||    94
